 Dungeon Crawl Stone Soup version 0.23.1 (webtiles) character file.

Game seed: 17714714506468904408

831 Borgoz the Cleaver (level 7, -9/68 HPs)
             Began as a Hill Orc Monk on Mar 2, 2019.
             Mangled by an orc warrior
             ... wielding a +0 short sword
              (17 damage)
             ... on level 7 of the Dungeon.
             The game lasted 00:08:09 (6417 turns).

Borgoz the Cleaver (Hill Orc Monk)                  Turns: 6417, Time: 00:08:10

Health: -9/68      AC:  6    Str: 13 (14) XL:     7   Next: 98%
Magic:  7/7        EV: 16    Int: 10 (12) God:
Gold:   316        SH:  3    Dex: 12 (13) Spells: 6/6 levels left

rFire    + . .     SeeInvis .   a - +0 hand axe
rCold    + . .     Gourm    .   (no shield)
rNeg     + . .     Faith    .   h - +0 ring mail
rPois    .         Spirit   .   (no helmet)
rElec    .         Reflect  +   s - scarf {rC+ rF+}
rCorr    .         Harm     .   (no gloves)
MR       .....                  (no boots)
Stlth    +.........             t - +3 amulet of reflection
HPRegen  0.21/turn              p - ring of positive energy
MPRegen  0.10/turn              m - +3 ring of evasion

@: no status effects
A: no striking features
a: no special abilities


You were on level 7 of the Dungeon.
You were not hungry.

You visited 2 branches of the dungeon, and saw 8 of its levels.

You collected 316 gold pieces.

Inventory:

Hand Weapons
 a - a +0 hand axe (weapon)
Missiles
 i - 4 curare-tipped needles
Armour
 h - a +0 ring mail (worn)
 s - a scarf of resistance (worn)
Jewellery
 k - an uncursed ring of flight
 m - a +3 ring of evasion (right hand)
 p - a ring of positive energy (left hand)
 t - a +3 amulet of reflection (around neck)
Wands
 b - a wand of random effects (18)
 r - a wand of digging (5)
Scrolls
 d - 2 scrolls of teleportation
 e - 5 scrolls of remove curse
 f - a scroll of enchant weapon {unknown}
 g - 2 scrolls of fear
 l - a scroll of magic mapping {unknown}
 o - 2 scrolls of fog
 u - 2 scrolls of enchant armour
Potions
 n - a potion of flight
Comestibles
 c - 12 rations


   Skills:
 + Level 8.2 Fighting
 + Level 9.1 Axes
 + Level 6.5 Armour
 + Level 5.7 Dodging
 - Level 1.5 Stealth


You had 6 spell levels left.
You didn't know any spells.
Your spell library was empty.

Dungeon Overview and Level Annotations

Branches:
Dungeon (6/15)             Temple (1/1) D:5

Altars:
Cheibriados
Dithmenos
Elyvilon
Fedhas
Gozag
Hepliaklqana
Kikubaaqudgha
Makhleb
Nemelex Xobeh
Okawaru
Qazlal
Ru
Sif Muna
Trog
Uskayaw
Vehumet
Wu Jian
Xom
Zin
The Shining One

Annotations:
D:6 Dowan, Duvessa


Message History

The orc warrior hits you with a +0 short sword!
* * * LOW HITPOINT WARNING * * *
You hit the orc warrior but do no damage.
The orc warrior is heavily wounded.
You miss something. You block something's attack.
You block the orc warrior's attack.
You hit the orc warrior but do no damage.
The orc warrior is heavily wounded.
You hit something.
Reactivating autopickup.
You feel a bit more experienced. The orc warrior misses you.
You hit the orc warrior but do no damage.
The orc warrior is heavily wounded.
You hit the orc warrior but do no damage.
The orc warrior is heavily wounded.
You block the orc warrior's attack.
You hit the orc warrior.
The orc warrior is heavily wounded.
The orc warrior hits you with a +0 short sword!
You die...

# # .. ..# # ..##.###
. #....... .# #.#...#
.# #.#...# ##
#######>#...# # ##
#.....#....)###.=<#
...#.......#..@o....(#
..............)###...#
##.....###...# #
#.....# #...# #######
#...# #####


You could see an orc warrior.

Vanquished Creatures
  An ogre (D:6)
  3 scorpions
  A howler monkey (D:6)
  A crimson imp (D:6)
  2 hounds
  An iguana (D:5)
  An orc wizard (D:7)
  2 worker ants
  A hound zombie (D:6)
  A worker ant zombie (D:3)
  7 gnolls
  A howler monkey skeleton (D:5)
  9 adders
  A shadow imp (D:5)
  3 oozes (D:1)
  An adder skeleton (D:5)
  3 worms (D:2)
  4 leopard geckos
  4 orcs
  4 bats
  9 giant cockroaches
  12 goblins
  13 hobgoblins
  3 jackals (D:3)
  3 quokkas
  3 ball pythons (D:2)
  7 frilled lizards
  A jackal skeleton (D:4)
  7 kobolds
  A quokka skeleton (D:4)
  7 rats
117 creatures vanquished.

Notes
Turn   | Place    | Note
-------+----------+-------------------------------------------
     0 | D:1      | Borgoz the Hill Orc Monk began the quest for the Orb.
     0 | D:1      | Reached XP level 1. HP: 19/19 MP: 1/1
   162 | D:1      | Reached XP level 2. HP: 18/27 MP: 2/2
   219 | D:1      | Reached skill level 1 in Armour
   343 | D:1      | Reached XP level 3. HP: 31/33 MP: 3/3
   684 | D:2      | Reached skill level 8 in Axes
   684 | D:2      | Reached skill level 5 in Armour
   684 | D:2      | Reached skill level 5 in Dodging
   684 | D:2      | Reached XP level 4. HP: 10/47 MP: 4/4
  1104 | D:2      | Reached XP level 5. HP: 22/52 MP: 5/5
  1963 | D:2      | Found a sparkling altar of Nemelex Xobeh.
  2603 | D:3      | Reached XP level 6. HP: 61/61 MP: 6/6
  3493 | D:4      | Found a stormy altar of Qazlal.
  4185 | D:4      | Found a blossoming altar of Fedhas.
  4236 | D:5      | Entered Level 5 of the Dungeon
  4352 | D:5      | Found a staircase to the Ecumenical Temple.
  4362 | Temple   | Entered the Ecumenical Temple
  4735 | D:5      | Reached XP level 7. HP: 20/67 MP: 7/7
  5286 | D:5      | Found a snail-covered altar of Cheibriados.
  5520 | D:5      | Found an opulent altar of Gozag.
  5950 | D:6      | Reached skill level 9 in Axes
  5967 | D:6      | Found a sacrificial altar of Ru.
  6024 | D:6      | Noticed Duvessa
  6034 | D:6      | Noticed Dowan
  6048 | D:6      | You fall through a shaft!
  6417 | D:7      | Mangled by an orc warrior

Skill      XL: |  1  2  3  4  5  6  7 |
---------------+----------------------+-----
Armour         | 1 5 6 |  6.5
Fighting       | 4 7 8 |  8.2
Axes           | 8 9 |  9.1
Dodging        | 5 |  5.7
Stealth        | |  1.5

Action                   |  1- 3 |  4- 6 |  7- 9 || total
-------------------------+-------+-------+-------++-------
Melee: Hand axe          |    72 |   391 |   173 ||   636
  Use: Potion            |     2 |     1 |     1 ||     4
       Scroll            |       |       |     8 ||     8
 Stab: Sleeping          |       |     1 |       ||     1
  Eat: Chunk             |       |    12 |       ||    12
       Ration            |       |       |     2 ||     2
Armor: Robe              |     3 |       |       ||     3
       Ring mail         |    24 |   123 |    33 ||   180
Dodge: Dodged            |    57 |   217 |    76 ||   350
Block: Other             |       |       |    11 ||    11
       Reflection        |       |       |     1 ||     1
